 Dungeon Crawl Stone Soup version 0.24.0-37-gcf1ca852f1 (webtiles) character file.

Game seed: 1268868077465383810, levelgen mode: deterministic

865 Ponchio the Skirmisher (level 8, -17/53 HPs)
             Began as a Gargoyle Fighter on Dec 4, 2019.
             Killed from afar by a wretched star (31 damage)
             ... with an orb of energy
             ... on level 1 of the Abyss.
             The game lasted 00:12:01 (4916 turns).

Ponchio the Skirmisher (Gargoyle Fighter)           Turns: 4916, Time: 00:12:02

Health: -17/53     AC: 11    Str: 20    XL:     8   Next: 3%
Magic:  0/8        EV:  8    Int:  5    God:
Gold:   215        SH:  9    Dex: 14    Spells: 7/7 levels left

rFire    . . .     SeeInvis .   a - +1 flail
rCold    . . .     Gourm    .   c - +0 shield
rNeg     + . .     Faith    .   t - +0 ring mail
rPois    ∞         Spirit   +   (no helmet)
rElec    +         Reflect  .   (no cloak)
rCorr    .         Harm     .   (no gloves)
MR       .....                  (no boots)
Stlth    +.........             l - amulet of guardian spirit
HPRegen  0.17/turn              e - +3 ring of dexterity
MPRegen  0.11/turn              (no ring)

@: no status effects
A: [dopey 2], negative energy resistance 1, electricity resistance, unbreathing,
petrification resistance, rot immunity, [subdued magic 2], AC +5
a: no special abilities


You were on level 1 of the Abyss.
You were near starving.

You visited 1 branch of the dungeon, and saw 5 of its levels.
You visited the Abyss 1 time.

You collected 215 gold pieces.

Inventory:

Hand Weapons
 a - a +1 flail (weapon)
Armour
 c - a +0 shield (worn)
 t - a +0 ring mail (worn)
Jewellery
 e - a +3 ring of dexterity (left hand)
 l - an amulet of guardian spirit (around neck)
Wands
 v - a wand of flame (14)
Scrolls
 g - a scroll of amnesia
 k - a scroll of blinking
 m - a scroll of fear
 n - 2 scrolls of remove curse
 p - a scroll of enchant weapon
 r - a scroll of random uselessness {unknown}
 s - a scroll of teleportation
Potions
 b - a potion of heal wounds {unknown}
 d - a potion of might
 h - 4 potions of agility
 j - 2 potions of degeneration {unknown}
 o - 2 potions of haste {unknown}
 q - a potion of invisibility {unknown}
 u - a potion of magic {unknown}
 x - a potion of mutation {unknown}
Comestibles
 f - 10 rations


   Skills:
 + Level 7.6 Fighting
 + Level 6.5 Maces & Flails
 - Level 3.2 Armour
 - Level 3.2 Shields


You had 7 spell levels left.
You didn't know any spells.
Your spell library contained the following spells:

 Spells                   Type           Power        Failure   Level  Hunger
 Corona                   Hex            #......      98%         1    ##.....
 Infusion                 Chrm           #...         98%         1    ##.....
 Shroud of Golubria       Chrm/Tloc      #.....       99%         2    ###....
 Slow                     Hex            #.......     99%         2    ###....
 Song of Slaying          Chrm           #.......     99%         2    ###....
 Inner Flame              Hex/Fire       #.......     100%        3    ####...
 Portal Projectile        Hex/Tloc       #.....       100%        3    ####...
 Regeneration             Chrm/Necr      #.........   100%        3    ####...
 Spectral Weapon          Hex/Chrm       #.......     100%        3    ####...
 Cause Fear               Hex            #.........   100%        4    #####..
 Leda's Liquefaction      Hex/Erth       #.........   100%        4    #####..


Dungeon Overview and Level Annotations

Branches:
Dungeon (5/15)
 Temple: D:4-7

Altars:
Ashenzari
Kikubaaqudgha
Qazlal
Sif Muna
Yredelemnul

Annotations:
D:5 raph's ghost, novice DEFE


Innate Abilities, Weirdness & Mutations

You are resistant to torment.
Your stone body is resilient. (AC +5)
You are immune to poison.
You resist negative energy. (rN+)
You are resistant to electric shocks. (rElec)
You can survive without breathing.
You are immune to petrification.
You are immune to rotting.
[You are very dopey. (Int -4)]
[Your spells are easier to cast, but less powerful.]


Message History

The ancient zyme hits you but does no damage.
You hit the ancient zyme.
The ancient zyme is almost destroyed.
The ancient zyme hits you.
* * * LOW HITPOINT WARNING * * *
The ancient zyme hits you!
* * * LOW HITPOINT WARNING * * *
You feel better.
You are suddenly pulled into a different region of the Abyss!
Found a paperback book.
You pick up a book of Battle and begin reading...
You add the spells Infusion, Shroud of Golubria, Song of Slaying, Spectral Weapon and Regeneration to your library.
A wretched star comes into view.
The wretched star pulses with an eldritch light!
You feel stupid. x2; Your connection to magic feels subdued.
Your connection to magic feels more subdued.
The wretched star glows turbulently.
The orb of energy hits you!!
Ouch! That really hurt!
You die...

#. #. .# .. .##
.. .. ##. .# ..
#.#. #..# ###.#
#..@# .#
...*...##..##..#
.#####. #.#....#
.. #....##.# ###
####..# ....#
##.# #.


You could see a wretched star.

Vanquished Creatures
  Menkaure (D:4)
  An ogre (D:4)
  A big kobold (D:5)
  A scorpion (D:5)
  2 howler monkeys (D:4)
  4 orc priests (D:5)
  Jessica (D:2)
  2 iguanas (D:4)
  2 orc wizards (D:5)
  A worker ant (D:4)
  A worker ant zombie (D:5)
  6 adders
  3 oozes
  3 worms
  A dart slug (D:1)
  5 leopard geckos
  14 orcs
  8 bats
  6 giant cockroaches
  8 goblins
  6 hobgoblins
  8 jackals
  7 kobolds
  4 quokkas
  2 ball pythons (D:1)
  3 frilled lizards
  10 rats
111 creatures vanquished.

Notes
Turn   | Place    | Note
-------+----------+-------------------------------------------
     0 | D:1      | Ponchio the Gargoyle Fighter began the quest for the Orb.
     0 | D:1      | Reached XP level 1. HP: 14/14 MP: 1/1
   122 | D:1      | Reached XP level 2. HP: 19/19 MP: 2/2
   340 | D:1      | Reached skill level 4 in Fighting
   340 | D:1      | Reached XP level 3. HP: 21/24 MP: 3/3
   920 | D:2      | Reached XP level 4. HP: 30/30 MP: 4/4
   982 | D:2      | Noticed Jessica
   986 | D:2      | Killed Jessica
  1335 | D:2      | Reached XP level 5. HP: 13/34 MP: 3/5
  1543 | D:3      | Reached skill level 5 in Fighting
  2309 | D:4      | Reached XP level 6. HP: 39/40 MP: 6/6
  2487 | D:4      | Reached skill level 6 in Fighting
  2487 | D:4      | Reached skill level 5 in Maces & Flails
  2814 | D:4      | Noticed Menkaure
  2825 | D:4      | Killed Menkaure
  2825 | D:4      | Reached XP level 7. HP: 11/47 MP: 2/7
  2924 | D:4      | HP: 1/47 [iguana (4)]
  3241 | D:4      | Found a shattered altar of Ashenzari.
  3242 | D:4      | Found a stormy altar of Qazlal.
  3367 | D:4      | Found a shimmering blue altar of Sif Muna.
  3663 | D:5      | Entered Level 5 of the Dungeon
  3846 | D:5      | Found an ancient bone altar of Kikubaaqudgha.
  4159 | D:5      | Reached skill level 7 in Fighting
  4321 | D:5      | Found a basalt altar of Yredelemnul.
  4731 | D:5      | Found a runed translucent gate.
  4732 | D:5      | Found a runed translucent gate.
  4732 | D:5      | Noticed raph's ghost (novice DEFE)
  4734 | D:5      | Found a runed translucent gate.
  4735 | D:5      | Identified the +11 short sword of Trial by Ordeal {chaos,
                  | rC+ MR+}
  4771 | D:5      | Reached XP level 8. HP: 19/53 MP: 3/8
  4772 | D:5      | Cast into level 1 of the Abyss (kobold)
  4802 | Abyss:1  | Noticed a deep elf sorcerer
  4873 | Abyss:1  | Noticed an ancient zyme
  4882 | Abyss:1  | Noticed a tentacled starspawn
  4914 | Abyss:1  | Noticed a wretched star
  4916 | Abyss:1  | Killed from afar by a wretched star

Levels and vault maps discovered:
D:1:      minmay_arrival_nine_rooms, layout_loops_ring, hangedman_decor_push,
          minmay_split_cup_small
D:2:      layout_loops_ring, minmay_misc_feat_room, uniq_jessica
D:3:      layout_basic
D:4:      layout_loops_ring, lemuel_crystal_altar,
          gammafunk_temple_overflow_statue, first_ration, uniq_menkaure
D:5:      layout_loops_corners, lemuel_round_altar, kiku_gazebo_pond_becter,
          gammafunk_ghost_nasty_kobolds, serial_rivers,
          chequers_serial_rivers_room_b, chequers_serial_rivers_marsh,
          chequers_serial_rivers_small_3, chequers_serial_rivers_small_a,
          chequers_serial_rivers_micro_a
Abyss:1:  base:
D:5

Skill      XL: |  1  2  3  4  5  6  7 |
---------------+----------------------+-----
Fighting       | 4 5 6 7 |  7.6
Maces & Flails | 3 4 5 6 |  6.5
Armour         | |  3.2
Shields        | |  3.2

Action                   |  1- 3 |  4- 6 |  7- 9 || total
-------------------------+-------+-------+-------++-------
Melee: Flail             |   119 |   207 |   134 ||   460
  Use: Scroll            |       |     8 |     3 ||    11
       Potion            |       |     2 |     3 ||     5
  Eat: Chunk             |       |     6 |     6 ||    12
Armor: Scale mail        |    84 |   136 |       ||   220
       Ring mail         |       |    19 |    44 ||    63
Dodge: Dodged            |    34 |   105 |    41 ||   180
Block: Shield            |    63 |   146 |    58 ||   267
